 Dungeon Crawl Stone Soup version 0.29-a0-668-g12ee2bf84d (webtiles) character file.

Game seed: 7539870795415781357

20 Newt the Skirmisher (level 2, -16/24 HPs)
             Began as a Demonspawn Abyssal Knight on June 23, 2022.
             Was a Believer of Lugonu.
             Killed by an exploding jackal (34 damage)
             ... ignited by their inner flame
             ... on level 2 of the Dungeon.
             The game lasted 00:03:27 (1105 turns).

Newt the Skirmisher (Demonspawn Abyssal Knight)     Turns: 1105, Time: 00:03:27

Health: -16/24     AC:  6    Str: 13    XL:     2   Next: 58%
Magic:  4/4        EV: 11    Int: 11    God:    Lugonu [**....]
Gold:   46         SH:  0    Dex: 13    Spells: 1/1 levels left

rFire   . . .      SeeInvis .   (no weapon)
rCold   . . .      Faith    .   (no shield)
rNeg    . . .      Spirit   .   b - +0 leather armour
rPois   .          Reflect  .   (no helmet)
rElec   .          Harm     .   j - +2 cloak
rCorr   .          Rampage  .   (no gloves)
Will    .....                   (no boots)
Stlth   +.........              (no amulet)
HPRegen 0.08/turn               (no ring)
MPRegen 0.09/turn               (no ring)

@: no status effects
A: claws 1
a: Renounce Religion, Depart the Abyss, Bend Space


You were on level 2 of the Dungeon.
You worshipped Lugonu.
Lugonu was pleased with you.
You visited 1 branch of the dungeon, and saw 2 of its levels.
You visited the Abyss 1 time.

You collected 46 gold pieces.

Inventory:

Hand Weapons
 a - a +1 spear
Armour
 b - a +0 leather armour (worn)
 j - a +2 cloak (worn)
Scrolls
 e - a scroll of summoning {unknown}
 f - a scroll of teleportation {unknown}
 g - a scroll of immolation
 i - a scroll of torment {unknown}
Potions
 c - a potion of heal wounds {unknown}
 d - a potion of berserk rage {unknown}
 h - a potion of lignification {unknown}


   Skills:
 + Level 3.3 Fighting
 - Level 1.9 Polearms
 + Level 2.2 Armour
 - Level 0.8 Dodging
 * Level 0.2 Unarmed Combat
 + Level 2.7 Invocations


You had one spell level left.
You didn't know any spells.
Your spell library was empty.

Dungeon Overview and Level Annotations

Branches:
Dungeon (2/15)

Altars:


Innate Abilities, Weirdness & Mutations

You have sharp fingernails.


Message History

2 jackals come into view.
The jackal barks!
An adder comes into view.
You scratch the jackal but do no damage.
The jackal bites you but does no damage.
The jackal bites you.
You barely miss the jackal.
The jackal bites you but does no damage.
The jackal barely misses you.
You scratch the jackal.
The jackal is heavily wounded.
The jackal misses you.
You closely miss the jackal.
The jackal is moderately wounded.
The jackal bites you. The jackal barely misses you.
You closely miss the jackal.
The jackal is moderately wounded.
The jackal closely misses you.
As you read the scroll labelled XODAXISYB MERO, it crumbles to dust.
The creatures around you are filled with an inner flame!
It was a scroll of immolation.
The jackal bites you but does no damage.
You barely miss the jackal.
The jackal is moderately wounded.
The jackal closely misses you. x2
You scratch the jackal but do no damage.
The jackal closely misses you.
You closely miss the jackal.
The jackal bites you but does no damage.
The jackal barely misses you.
You scratch the jackal.
Flame seeps out of the jackal.
The jackal is almost dead.
The jackal is engulfed in blazing flames.
Lugonu accepts your kill.
The jackal explodes!
The fiery explosion engulfs the adder!
Lugonu accepts your kill. The fiery explosion engulfs you!!
Ouch! That really hurt!
You die...

#...# #.......
#...# #.######
....## #.#
#....# #.#
#....# .# #.#
..####Sh..#...#
#.#
...............
#.#
#§###########.#
#.○@..(.......#
###############


There were no monsters in sight!

Vanquished Creatures
  An adder (D:2)
  4 endoplasms (D:1)
  3 goblins (D:1)
  2 hobgoblins
  A jackal (D:2)
  A quokka (D:1)
  A ball python (D:1)
  3 bats (D:1)
  A frilled lizard (D:1)
  A kobold (D:1)
  2 rats (D:1)
20 creatures vanquished.

Notes
Turn   | Place    | Note
-------+----------+-------------------------------------------
     0 | Abyss:1  | Newt the Demonspawn Abyssal Knight began the quest for the
                  | Orb.
     0 | Abyss:1  | Reached XP level 1. HP: 18/18 MP: 2/2
   111 | Abyss:1  | Noticed a raiju
   112 | D:1      | Escaped the Abyss
   160 | D:1      | Reached ** piety under Lugonu
   485 | D:1      | Gained mutation: You have sharp fingernails. [demonic
                  | ancestry]
   485 | D:1      | Reached XP level 2. HP: 17/24 MP: 4/4
  1105 | D:2      | Killed by an exploding jackal... ignited by their inner
                  | flame

Illustrated notes

Levels and vault maps discovered:
D:1:      dpeg_arrival_water_altar, layout_basic,
          shapermc_ecumenical_altar_petra, nrook_mini_vaults
D:2:      minmay_recursive_quarters, layout_basic

Skill      XL: |  1 |
---------------+----+-----
Armour         | 2 |  2.2
Fighting       | |  3.3
Polearms       | |  1.9
Dodging        | |  0.8
Unarmed Combat | |  0.2
Invocations    | |  2.7

Action                   || total
-------------------------++-------
Melee: Spear             ||    39
       Unarmed           ||    53
Invok: Depart the Abyss  ||     1
  Use: Scroll            ||     1
Armor: Leather armour    ||    28
Dodge: Dodged            ||    62

Table legend: (Time is in decaauts)
 A = Elapsed time spent in this place.
 B = Non-inter-level travel time spent in this place.
 C = Inter-level travel time spent in this place.
 D = Time resting spent in this place.
 E = Time spent auto-exploring this place.
 F = Levels seen in this place.
 G = Mean time per level.
                   A        B        C        D        E       F      G
               +--------+--------+--------+--------+--------+-----+--------+
         Total |   1104 |   1104 |      0 |    458 |    252 |   3 |  368.0 |
       Dungeon |    992 |    992 |      0 |    458 |    141 |   2 |  496.0 |
         Abyss |    112 |    112 |      0 |      0 |    111 |   1 |  112.0 |
               +--------+--------+--------+--------+--------+-----+--------+

Top non-repeatable levels by time:
     D:1: 893 daAuts
 Abyss:1: 112 daAuts
     D:2: 98 daAuts
